 Dungeon Crawl Stone Soup version 0.31-a0-496-g6f97920a28 (webtiles) character file.

Game seed: 3879307636539664987

49 randomguy2701 the Stinger (level 3, -8/21 HPs)
             Began as an Octopode Venom Mage on Aug 8, 2023.
             Mangled by a gnoll
             ... wielding a +0 flail
              (12 damage)
             ... on level 2 of the Dungeon.
             The game lasted 00:02:03 (1626 turns).

randomguy2701 the Stinger (Octopode Venom Mage)     Turns: 1626, Time: 00:02:03

Health: -8/21      AC:  1    Str:  7    XL:     3   Next: 77%
Magic:  1/6        EV: 13    Int: 19    God:
Gold:   74         SH:  0    Dex: 12    Spells: 6/7 levels left

rFire   . . .        (no weapon)
rCold   . . .        (no shield)
rNeg    . . .        (helmet restricted)
rPois   .            (no amulet)
rElec   .            (no ring)
rCorr   .            (no ring)
SInv    .            (no ring)
Will    .....        (no ring)
Stlth   +++          (no ring)
HPRegen 0.23/turn    (no ring)
MPRegen 0.10/turn    (no ring)
                     (no ring)

%: no passive effects
@: no status effects
A: almost no armour, amphibious, 8 rings, camouflage 1, gelatinous body 1,
(nimble swimmer 1), tentacles
a: no special abilities


You were on level 2 of the Dungeon.
You visited 1 branch of the dungeon, and saw 2 of its levels.

You collected 74 gold pieces.

Inventory:

Scrolls
 f - a scroll of poison {unknown}
Potions
 a - a potion of magic
 b - a potion of brilliance {unknown}
 c - a potion of curing {unknown}
 d - 3 potions of degeneration {unknown}
 e - a potion of might {unknown}


   Skills:
 + Level 2.1 Dodging
 + Level 3.4 Stealth
 + Level 2.6 Spellcasting
 + Level 1.3 Transmutations
 + Level 4.4 Poison Magic


You had 6 spell levels left.
You knew the following spells:

 Your Spells              Type           Power      Damage    Failure   Level
a - Sting                 Tmut/Pois      52%        1d5       4%          1

Your spell library contained the following spells:

 Spells                   Type           Power      Damage    Failure   Level
 Poisonous Vapours        Pois/Air       20%        N/A       10%         2
 Mephitic Cloud           Conj/Pois/Air  8%         N/A       26%         3
 Olgreb's Toxic Radiance  Pois           19%        N/A       26%         4
 Ozocubu's Armour         Ice            2%         N/A       43%         3
 Ozocubu's Refrigeration  Ice            1%         4d7       100%        7


Dungeon Overview and Level Annotations

Branches:
Dungeon (2/15)

Altars:


Innate Abilities, Weirdness & Mutations

You cannot wear most types of armour.
You are amphibious.
You can wear up to eight rings at the same time.
Your skin changes colour to match your surroundings (Stealth+).
Your rubbery body absorbs attacks. (AC +1, EV +1)
((You are camouflaged when in or above water. (Stealth+)))
You have tentacles for arms and can constrict up to eight enemies at once.


Message History

The gnoll is moderately wounded.
The gnoll hits you from afar with a +0 spear.
You are too injured to fight recklessly!
There is an open door here.
You kill the gnoll!
There is a stone staircase leading up here.
Casting: Sting (safe; 4% risk of failure)
Confirm with . or Enter, or press ? or * to list all spells.
Aiming: Sting (safe; 4% risk of failure)
Press: ? - help, Shift-Dir - straight line, f - gnoll
Aim: a gnoll, wielding a +0 flail (75% to hit)
The sting misses the gnoll.
Casting: Sting (safe; 4% risk of failure)
Confirm with . or Enter, or press ? or * to list all spells.
Aiming: Sting (safe; 4% risk of failure)
Press: ? - help, Shift-Dir - straight line, f/p - gnoll
Aim: a gnoll, wielding a +0 flail (75% to hit)
The sting hits the gnoll.
The gnoll is poisoned.
The gnoll is moderately wounded.
Casting: Sting (safe; 4% risk of failure)
Confirm with . or Enter, or press ? or * to list all spells.
Aiming: Sting (safe; 4% risk of failure)
Press: ? - help, Shift-Dir - straight line, f/p - gnoll
Aim: a gnoll, wielding a +0 flail (moderately wounded, poisoned, 75% to hit)
The sting hits the gnoll.
The gnoll looks even sicker.
The gnoll is heavily wounded.
The gnoll hits you with a +0 flail!
Ouch! That really hurt!
* * * LOW HITPOINT WARNING * * *
Casting: Sting (safe; 4% risk of failure)
Confirm with . or Enter, or press ? or * to list all spells.
Aiming: Sting (safe; 4% risk of failure)
Press: ? - help, Shift-Dir - straight line, f/p - gnoll
Aim: a gnoll, wielding a +0 flail (heavily wounded, very poisoned, 75% to hit)
The sting hits the gnoll but does no damage.
The gnoll looks even sicker.
The gnoll is heavily wounded.
The gnoll hits you with a +0 flail!
Ouch! That really hurt!
You die...

#.......# #.........
#.......######'#...##..
#.......#........#.# .
#.......#..).....#.#
#.......#........#.#
#........#####+#.#..
#........###.......#
#.....g........#.....
#.....@.####### #...#
######....# ...+ #.####
#.# ###


You could see a gnoll (very poisoned).

Vanquished Creatures
  2 gnolls (D:2)
  5 bats
  3 endoplasms
  A giant cockroach (D:1)
  2 goblins (D:1)
  3 hobgoblins
  5 kobolds
  2 quokkas (D:1)
  3 ball pythons (D:1)
  2 rats (D:1)
28 creatures vanquished.

Notes
Turn   | Place    | Note
-------+----------+-------------------------------------------
     0 | D:1      | randomguy2701 the Octopode Venom Mage began the quest for
                  | the Orb.
     0 | D:1      | Reached XP level 1. HP: 11/11 MP: 3/3
   146 | D:1      | Reached skill level 4 in Poison Magic
   200 | D:1      | Reached XP level 2. HP: 17/17 MP: 0/5
  1084 | D:1      | Reached XP level 3. HP: 21/21 MP: 6/6
  1135 | D:1      | Found a faded altar of an unknown god.
  1626 | D:2      | Mangled by a gnoll

Illustrated notes

Levels and vault maps discovered:
D:1:      evilmike_arrival_crescent, layout_loops_corners,
          shapermc_ecumenical_altar_hornbeckon, hex_large
D:2:      layout_basic, minmay_snake_closets

Skill      XL: |  1  2 |
---------------+-------+-----
Poison Magic   | 4 |  4.4
Stealth        | 3 |  3.4
Dodging        | |  2.1
Spellcasting   | |  2.6
Transmutations | |  1.3

Action                     || total
---------------------------++-------
  Melee: Unarmed           ||    13
         Constrict         ||     3
         Tentacles         ||     3
   Cast: Sting             ||    53
 Armour: Skin              ||     4
  Dodge: Dodged            ||    20

Table legend: (Time is in decaauts)
 A = Elapsed time spent in this place.
 B = Non-inter-level travel time spent in this place.
 C = Inter-level travel time spent in this place.
 D = Time resting spent in this place.
 E = Time spent auto-exploring this place.
 F = Levels seen in this place.
 G = Mean time per level.
                   A        B        C        D        E       F      G
               +--------+--------+--------+--------+--------+-----+--------+
         Total |   1626 |   1463 |    163 |      0 |   1237 |   2 |  813.0 |
       Dungeon |   1626 |   1463 |    163 |      0 |   1237 |   2 |  813.0 |
               +--------+--------+--------+--------+--------+-----+--------+

Top non-repeatable levels by time:
     D:1: 1429 daAuts
     D:2: 196 daAuts
